General information
- name: BNet
- type: Ladder team game (AT/RT)
- host: Battle.net
- saver: DAGREN-SUP.
map: Mur'gulOasis
- players: 8
- length: 18:03
- speed: Fast
- version: 1.26 W3XP
- replay type: Public
» download(109 KB)
Players
team 1 (winner)
Shakespeare (
green | 56 APM | 1009 actions | 18:02)
4 Death Knight
2 Death Coil
2 Unholy Aura
5 Lich
3 Frost Nova
2 Frost Armor
» actions
| Assign group hotkey | 25 | |
| Basic commands | 101 | |
| Build / train | 53 | |
| Enter build submenu | 11 | |
| Enter hero's abilities submenu | 9 | |
| Remove unit from queue | 1 | |
| Right click | 352 | |
| Select / deselect | 255 | |
| Select group hotkey | 152 | |
| Use ability | 50 | |
1009 total
» units
| Acolyte | 2 | |
| Ghoul | 3 | |
| Crypt Fiend | 15 | |
| Obsidian Statue | 4 | |
| Abomination | 4 | |
28 total
» upgrades
| Creature Attack | 1 | |
| Creature Carapace | 1 | |
| Web | 1 | |
| Disease Cloud | 0 | |
3 total
» buildings
| Altar of Darkness | 1 | |
| Ziggurat | 6 | |
| Crypt | 1 | |
| Graveyard | 1 | |
| Tomb of Relics | 1 | |
| Halls of the Dead | 1 | |
| Slaughterhouse | 1 | |
| Spirit Tower | 4 | |
| Black Citadel | 1 | |
17 total
» build order
00:11 Altar of Darkness
00:16 Ziggurat
00:37 Crypt
00:59 Graveyard
01:20 Ziggurat
01:58 Tomb of Relics
03:56 Halls of the Dead
04:50 Ziggurat
05:38 Ziggurat
06:49 Slaughterhouse
11:37 Spirit Tower
11:38 Spirit Tower
13:05 Black Citadel
13:19 Spirit Tower
13:23 Ziggurat
14:57 Spirit Tower
17:44 Ziggurat
» items
| Rod of Necromancy | 1 | |
| Potion of Healing | 2 | |
| Scroll of Town Portal | 1 | |
4 total

»
kobe (
blue | 65 APM | 1165 actions | 18:02)
6 Blademaster
2 Wind Walk
3 Critical Strike
1 Bladestorm
» actions
| Basic commands | 4 | |
| Build / train | 44 | |
| Enter build submenu | 11 | |
| Enter hero's abilities submenu | 6 | |
| Give item / drop item | 1 | |
| Right click | 736 | |
| Select / deselect | 237 | |
| Use ability | 126 | |
1165 total
» units
| Peon | 8 | |
| Troll Batrider | 2 | |
| Wind Rider | 4 | |
14 total
» upgrades
| Envenomed Spears | 1 | |
| Liquid Fire | 1 | |
| Ranged Weapons | 1 | |
3 total
» buildings
| Altar of Storms | 1 | |
| Orc Burrow | 4 | |
| Voodoo Lounge | 2 | |
| Stronghold | 1 | |
| Beastiary | 2 | |
| Fortress | 1 | |
| War Mill | 1 | |
12 total
» build order
00:06 Altar of Storms
00:09 Orc Burrow
01:19 Voodoo Lounge
02:11 Stronghold
03:19 Voodoo Lounge
04:30 Orc Burrow
04:31 Orc Burrow
05:06 Beastiary
05:07 Beastiary
06:13 Fortress
09:28 Orc Burrow
09:32 War Mill
» items
| Circlet of Nobility | 5 | |
| Lesser Clarity Potion | 4 | |
| Healing Salve | 1 | |
| Boots of Speed | 1 | |
| Orb of Lightning | 1 | |
| Potion of Healing | 3 | |
| Potion of Mana | 1 | |
| Potion of Lesser Invulnerability | 1 | |
17 total

»
DAGREN-SUP. (
purple | 68 APM | 1235 actions | 18:03)
6 Dark Ranger
2 Black Arrow
3 Silence
1 Charm
» actions
| Assign group hotkey | 38 | |
| Basic commands | 13 | |
| Build / train | 44 | |
| Enter build submenu | 15 | |
| Enter hero's abilities submenu | 6 | |
| Give item / drop item | 1 | |
| Right click | 536 | |
| Select / deselect | 167 | |
| Select group hotkey | 378 | |
| Use ability | 37 | |
1235 total
» units
» upgrades
| Strength of the Wild | 3 | |
| Ultravision | 1 | |
| Corrosive Breath | 1 | |
5 total
» buildings
| Moon Well | 7 | |
| Altar of Elders | 1 | |
| Hunter's Hall | 1 | |
| Tree of Ages | 1 | |
| Ancient of Wonders | 1 | |
| Ancient of Wind | 1 | |
| Tree of Eternity | 2 | |
| Chimaera Roost | 3 | |
17 total
» build order
00:13 Moon Well
00:20 Altar of Elders
01:34 Hunter's Hall
02:05 Moon Well
02:25 Tree of Ages
02:34 Moon Well
03:05 Moon Well
03:30 Moon Well
04:06 Ancient of Wonders
04:55 Ancient of Wind
05:06 Tree of Eternity
05:07 Tree of Eternity
07:40 Chimaera Roost
07:50 Chimaera Roost
07:51 Chimaera Roost
09:59 Moon Well
13:14 Moon Well
» items
| Staff of Teleportation | 1 | |
| Potion of Healing | 1 | |
| Staff of Preservation | 1 | |
| Scroll of Town Portal | 1 | |
4 total

»
DankYou (
pink | 10 APM | 185 actions | 18:02)
2 Archmage
1 Blizzard
1 Summon Water Elemental
» actions
| Assign group hotkey | 3 | |
| Build / train | 21 | |
| Enter build submenu | 14 | |
| Enter hero's abilities submenu | 2 | |
| Remove unit from queue | 1 | |
| Right click | 57 | |
| Select / deselect | 71 | |
| Select group hotkey | 2 | |
| Use ability | 14 | |
185 total
» units
» buildings
| Altar of Kings | 1 | |
| Barracks | 1 | |
| Farm | 6 | |
| Lumber Mill | 1 | |
| Keep | 1 | |
| Blacksmith | 1 | |
11 total
» build order
00:49 Altar of Kings
01:20 Barracks
01:29 Farm
02:01 Farm
02:27 Farm
02:39 Farm
03:10 Farm
05:13 Lumber Mill
05:33 Farm
05:46 Keep
07:57 Blacksmith
team 2 (loser)
Renascido (
red | 56 APM | 1008 actions | 17:57)
4 Mountain King
2 Storm Bolt
2 Bash
3 Archmage
2 Summon Water Elemental
1 Brilliance Aura
» actions
| Assign group hotkey | 12 | |
| Build / train | 57 | |
| ESC pressed | 7 | |
| Enter build submenu | 25 | |
| Enter hero's abilities submenu | 8 | |
| Give item / drop item | 1 | |
| Right click | 363 | |
| Select / deselect | 213 | |
| Select group hotkey | 265 | |
| Use ability | 57 | |
1008 total
» units
| Peasant | 10 | |
| Rifleman | 7 | |
| Sorceress | 10 | |
27 total
» upgrades
| Gunpowder | 2 | |
| Armor | 1 | |
| Long Rifles | 1 | |
| Lumber Harvesting | 1 | |
| Masonry | 2 | |
| Magic Sentry | 1 | |
| Sorceress Training | 1 | |
9 total
» buildings
| Altar of Kings | 1 | |
| Barracks | 2 | |
| Farm | 9 | |
| Lumber Mill | 1 | |
| Blacksmith | 1 | |
| Arcane Vault | 1 | |
| Keep | 1 | |
| Arcane Sanctum | 2 | |
| Scout Tower | 4 | |
| Guard Tower | 3 | |
| Workshop | 1 | |
| Castle | 1 | |
27 total
» build order
00:30 Altar of Kings
00:44 Barracks
01:14 Farm
01:15 Farm
02:04 Lumber Mill
02:12 Blacksmith
02:42 Barracks
02:45 Farm
04:19 Farm
04:22 Farm
04:25 Farm
05:51 Arcane Vault
07:13 Keep
09:14 Farm
09:21 Farm
09:24 Farm
10:01 Arcane Sanctum
10:07 Arcane Sanctum
10:25 Scout Tower
10:28 Scout Tower
10:31 Scout Tower
10:35 Scout Tower
11:01 Guard Tower
11:08 Guard Tower
13:08 Guard Tower
15:34 Workshop
15:37 Castle
» items
| Scroll of Regeneration | 2 | |
| Potion of Healing | 1 | |
| Scroll of Town Portal | 1 | |
| Ivory Tower | 3 | |
7 total

»
James_Quall (
yellow | 40 APM | 703 actions | 17:38)
5 Mountain King
3 Storm Bolt
2 Bash
» actions
| Assign group hotkey | 15 | |
| Basic commands | 12 | |
| Build / train | 51 | |
| Enter build submenu | 29 | |
| Enter hero's abilities submenu | 5 | |
| Give item / drop item | 1 | |
| Remove unit from queue | 2 | |
| Right click | 236 | |
| Select / deselect | 198 | |
| Select group hotkey | 97 | |
| Use ability | 57 | |
703 total
» units
| Peasant | 9 | |
| Footman | 13 | |
| Knight | 2 | |
| Rifleman | 1 | |
25 total
» upgrades
| Plating | 2 | |
| Swords | 2 | |
| Defend | 1 | |
| Animal War Training | 1 | |
| Magic Sentry | 1 | |
| Gunpowder | 1 | |
8 total
» buildings
| Altar of Kings | 1 | |
| Barracks | 3 | |
| Farm | 10 | |
| Blacksmith | 1 | |
| Arcane Vault | 1 | |
| Scout Tower | 9 | |
| Arcane Tower | 2 | |
| Lumber Mill | 1 | |
| Keep | 2 | |
| Guard Tower | 4 | |
| Castle | 1 | |
| Arcane Sanctum | 1 | |
| Town Hall | 1 | |
37 total
» build order
00:09 Altar of Kings
00:13 Barracks
00:19 Farm
00:20 Farm
01:38 Farm
02:21 Blacksmith
02:28 Farm
03:11 Arcane Vault
03:41 Scout Tower
04:32 Scout Tower
04:33 Arcane Tower
04:37 Lumber Mill
05:02 Farm
05:04 Farm
05:08 Scout Tower
05:12 Keep
05:45 Guard Tower
06:20 Farm
07:09 Farm
07:55 Scout Tower
07:58 Castle
08:37 Guard Tower
08:39 Scout Tower
08:56 Barracks
08:59 Barracks
09:17 Arcane Tower
09:24 Arcane Sanctum
10:31 Farm
10:53 Farm
11:07 Scout Tower
11:17 Scout Tower
11:40 Guard Tower
11:46 Scout Tower
11:49 Guard Tower
11:50 Scout Tower
13:26 Town Hall
16:15 Keep
16:54 Keep
» items
| Lesser Clarity Potion | 1 | |
| Scroll of Regeneration | 1 | |
2 total

»
FullyUpgraded (
teal | 67 APM | 1211 actions | 18:01)
3 Keeper of the Grove
2 Force of Nature
1 Thorns Aura
3 Archmage
1 Summon Water Elemental
2 Brilliance Aura
3 Blood Mage
2 Banish
1 Siphon Mana
» actions
| Assign group hotkey | 31 | |
| Basic commands | 94 | |
| Build / train | 96 | |
| ESC pressed | 5 | |
| Enter build submenu | 35 | |
| Enter hero's abilities submenu | 9 | |
| Right click | 225 | |
| Select / deselect | 361 | |
| Select group hotkey | 264 | |
| Use ability | 91 | |
1211 total
» units
| Wisp | 17 | |
| Peasant | 11 | |
| Archer | 14 | |
| Footman | 11 | |
| Huntress | 9 | |
| Rifleman | 14 | |
76 total
» upgrades
» buildings
| Altar of Elders | 1 | |
| Moon Well | 6 | |
| Lumber Mill | 1 | |
| Altar of Kings | 1 | |
| Ancient of War | 2 | |
| Barracks | 4 | |
| Farm | 11 | |
| Scout Tower | 3 | |
| Hunter's Hall | 1 | |
| Guard Tower | 1 | |
| Keep | 1 | |
| Arcane Tower | 2 | |
| Blacksmith | 1 | |
| Ancient Protector | 1 | |
36 total
» build order
00:11 Altar of Elders
00:28 Moon Well
00:37 Lumber Mill
00:44 Altar of Kings
00:51 Ancient of War
01:05 Barracks
01:26 Farm
01:44 Moon Well
02:08 Farm
02:43 Scout Tower
02:54 Hunter's Hall
02:57 Moon Well
03:19 Guard Tower
03:24 Barracks
03:27 Barracks
04:01 Farm
04:41 Scout Tower
04:54 Ancient of War
05:15 Keep
05:19 Arcane Tower
06:05 Scout Tower
06:14 Farm
06:15 Farm
08:04 Arcane Tower
09:00 Moon Well
09:01 Moon Well
09:16 Moon Well
09:20 Blacksmith
10:11 Farm
10:12 Farm
10:13 Farm
10:39 Ancient Protector
11:46 Barracks
12:12 Farm
12:13 Farm
12:13 Farm

»
ahvb2 (
orange | 13 APM | 1 actions | 00:04)
Chat log
(00:18 / All) Shakespeare: i got him
(00:25 / All) Renascido: ok
(00:39 / All) Shakespeare: HEH
(00:51 / All) DAGREN-SUP.: i got a haircut today hoping to impress the men in my neighborhood
(00:57 / All) James_Quall: good
(01:02 / All) Shakespeare: did it work?
(01:05 / All) kobe: u had a nice bush tho
(01:14 / All) DAGREN-SUP.: i have played wc3 all day not sure if they saw me
(01:41 / All) Shakespeare: i think im going blind
(01:53 / All) Shakespeare: this is not good for my future as a professional wc3 player
(02:40 / Allies) Shakespeare: plan?
(06:28 / Allies) DAGREN-SUP.: wood
(06:58 / Allies) DAGREN-SUP.: pinks base may have to di elol
(07:17 / Allies) Shakespeare: tp?
(07:23 / Allies) DAGREN-SUP.: yes u green
(07:23 / Allies) Shakespeare: wtf
(07:35 / Allies) Shakespeare: where are your units
(07:36 / Allies) Shakespeare: back pink
(07:38 / Allies) Shakespeare: get back
(08:11 / Allies) DAGREN-SUP.: dont leave we got this lol
(08:40 / Allies) kobe: gold me
(09:02 / Allies) DAGREN-SUP.: i meant to say
(09:05 / Allies) DAGREN-SUP.: dont tp to pink
(09:22 / Allies) DAGREN-SUP.: give me ur gold pink
(09:28 / Allies) DankYou: soory first game in about 5 or 8 year
(09:52 / Allies) DAGREN-SUP.: ur gold pink
(09:54 / Allies) DAGREN-SUP.: good work
(09:55 / All) Renascido: leave
(10:00 / All) Shakespeare: ok
(10:11 / Allies) DAGREN-SUP.: we can take them easily
(11:22 / All) Renascido: blue
(11:26 / All) Renascido: u suck
(12:19 / Allies) kobe: GO
(12:49 / Allies) kobe: TP
(13:24 / Allies) DAGREN-SUP.: focus yellow mk if u can
(13:57 / Allies) DankYou: im so barred out
(14:31 / Allies) DankYou: get red hero
(16:05 / Allies) DAGREN-SUP.: stay
(16:06 / Allies) DAGREN-SUP.: green
(17:12 / All) kobe: u suck
(17:22 / All) FullyUpgraded: MY TEAM SUCKS
(17:25 / All) Shakespeare: LOL
(17:36 / All) FullyUpgraded: and, it's 4v3. so stfu, you retarded faggot
(17:37 / All) James_Quall: ITS BUSH'S FAULT!!!
(17:44 / All) DAGREN-SUP.: kodo #1
(18:00 / Allies) Shakespeare: good shit O.o